 Dungeon Crawl Stone Soup version 0.23-a0-419-g0174fd8 (webtiles) character file.

4739 Geeful the Covert (level 10, -11/75 HPs)
             Began as a Naga Enchanter on Nov 13, 2018.
             Was a Priest of Nemelex Xobeh.
             Mangled by a two-headed ogre
             ... wielding a +0 giant club
              (25 damage)
             ... on level 10 of the Dungeon.
             The game lasted 00:59:55 (12010 turns).

Geeful the Covert (Naga Enchanter)                 Turns: 12010, Time: 00:59:55

Health: -11/75     AC:  8    Str: 15    XL:     10   Next: 46%
Magic:  16/16      EV: 10    Int: 16    God:    Nemelex Xobeh [***...]
Gold:   482        SH:  0    Dex: 15    Spells: 11/14 levels left

rFire    + . .     SeeInvis +   a - +6 dagger (chaos)
rCold    . . .     Gourm    .   (no shield)
rNeg     . . .     Faith    .   e - +3 leather armour {rF+}
rPois    +         Spirit   .   y - +0 helmet
rElec    .         Reflect  .   (no cloak)
rCorr    .         Harm     .   (no gloves)
MR       ++...                  (no barding)
Stlth    +++++.....             (no amulet)
HPRegen  0.22/turn              w - ring of protection from magic
MPRegen  0.15/turn              (no ring)

@: mighty, very slow
A: large, see invisible, deformed body, poison resistance, slowness 2, slow
metabolism 1, spit poison 1, AC +3
a: Spit Poison, Triple Draw, Renounce Religion


You were on level 10 of the Dungeon.
You worshipped Nemelex Xobeh.
Nemelex Xobeh was most pleased with you.
You were not hungry.

You visited 1 branch of the dungeon, and saw 10 of its levels.
You also visited: Sewer.

You collected 482 gold pieces.

Inventory:

Hand Weapons
 a - a +6 dagger of chaos (weapon)
 b - a +1 dagger of venom
Missiles
 o - 34 poisoned needles
 q - a throwing net (quivered)
Armour
 e - a +3 leather armour of fire resistance (worn)
 y - a +0 helmet (worn)
Jewellery
 j - an uncursed ring of ice
 w - a ring of protection from magic (left hand)
Wands
 f - a wand of iceblast (13)
 v - a wand of paralysis (11)
Scrolls
 c - 2 scrolls of fog
 k - 4 scrolls of remove curse
 l - a scroll of teleportation
 n - 2 scrolls of magic mapping
 x - a scroll of enchant weapon
 A - a scroll of identify
Potions
 g - 3 potions of ambrosia
 i - 4 potions of haste
 p - a potion of curing
 s - 2 potions of brilliance
 t - a potion of might
 B - 2 potions of agility
Miscellaneous
 h - a plain deck of summoning
 m - a plain deck of summoning {drawn: 4}
 r - a plain deck of summoning
 u - an ornate deck of escape {drawn: 1}
 z - a plain deck of summoning
Comestibles
 d - 7 rations


   Skills:
 + Level 8.7 Short Blades
 - Level 1.5 Dodging
 + Level 13.5 Stealth
 - Level 2.6 Spellcasting
 - Level 3.5 Hexes
 + Level 9.1 Invocations


You had 11 spell levels left.
You knew the following spells:

 Your Spells              Type           Power        Failure   Level  Hunger
a - Corona                Hex            ##.....      5%          1    #......
b - Ensorcelled Hibernat  Hex/Ice        #.....       19%         2    ##.....

Your spell library contained the following spells:

 Spells                   Type           Power        Failure   Level  Hunger
 Confusing Touch          Hex            ##....       5%          1    #......
 Confuse                  Hex            ##......     17%         3    ###....
 Tukima's Dance           Hex            ##......     17%         3    ###....
 Animate Skeleton         Necr           N/A          24%         1    #......
 Apportation              Tloc           #.....       24%         1    #......
 Freeze                   Ice            #...         24%         1    #......
 Summon Small Mammal      Summ           #...         24%         1    #......
 Dazzling Spray           Conj/Hex       #.....       34%         3    ###....
 Throw Frost              Conj/Ice       #.....       36%         2    ##.....
 Ozocubu's Armour         Chrm/Ice       #.......     58%         3    ###....
 Summon Ice Beast         Ice/Summ       #.......     94%         4    #####..
 Throw Icicle             Conj/Ice       #.......     94%         4    #####..


Dungeon Overview and Level Annotations

Branches:
Dungeon (10/15)            Temple (0/1) D:7             Orc (0/2) D:9
   Lair: D:8-11

Altars:
Cheibriados
Dithmenos
Makhleb
Nemelex Xobeh
Okawaru
Qazlal
Ru
Wu Jian
Xom
Zin


Innate Abilities, Weirdness & Mutations

You cannot wear boots.
Your serpentine skin is tough. (AC +3)
You have supernaturally acute eyesight. (SInv)
Armour fits poorly on your strangely shaped body.
Your system is resistant to poisons. (rPois)
You cover ground very slowly.
You have a slow metabolism.
You can spit poison.


Message History

The jackal closely misses you.
The electric eel shoots out a bolt of lightning at you!
The bolt of electricity hits the jackal.
The jackal dies!
The bolt of electricity hits you!
You hear a howl!
You puncture the two-headed ogre!
The two-headed ogre is poisoned.
The two-headed ogre is lightly wounded.
The two-headed ogre hits you with a +0 giant club!
* * * LOW HITPOINT WARNING * * *
The two-headed ogre barely misses you.
Evoke which item? (* to show all) (? for menu, Esc to quit)
Aiming: Paralyse
Press: ? - help, Shift-Dir - straight line, f - two-headed ogre
Aim: a two-headed ogre, wielding two +0 giant clubs (lightly wounded, poisoned, The two-headed ogre easily resists.
You feel very mighty all of a sudden.
The two-headed ogre hits you with a +0 giant club!!
You die...
Your body disappears without a glow.

###.# #.# # #.####.# #
#....#.########################
####.#....................(....
#...########################
###.# ## #.# .. #.#####.#####
#.....#..@OZ# #####.#####h#
#.....#.####### #####.#.......#
#......†..#..# #.#.............
...#......(.≈.... ###
#.≈..?.;.h.≈.≈ #....≈.≈≈.≈.≈.


You could see a two-headed ogre, a wolf and a bullfrog zombie.

Vanquished Creatures
  A two-headed ogre (D:5)
  Psyche (D:8)
  2 hippogriffs
  2 orc warriors
  An ice beast (D:4)
  3 sky beasts
  2 ogres
  A necrophage (D:9)
  A centaur (D:7)
  2 crocodiles
  A gnoll sergeant (D:9)
  4 bullfrogs
  3 scorpions
  13 killer bees
  A howler monkey (D:5)
  2 crimson imps (D:5)
  2 centaur zombies
  3 hounds
  A quasit (D:8)
  A bullfrog skeleton (D:6)
  3 orc priests
  5 orc wizards
  2 iguanas
  Natasha (thrice) (D:4)
  9 worker ants
  2 hound skeletons
  2 howler monkey zombies
  8 adders
  9 gnolls
  3 shadow imps
  3 oozes (D:2)
  3 adder skeletons (D:4)
  An adder zombie (D:9)
  2 worms (D:3)
  2 dart slugs (D:1)
  3 leopard geckos
  21 orcs
  2 ball pythons
  7 giant cockroaches
  4 goblins
  4 hobgoblins
  15 jackals
  2 quokkas
  13 bats
  4 frilled lizards
  7 kobolds
  A quokka skeleton (D:9)
  7 rats
194 creatures vanquished.

Vanquished Creatures (collateral kills)
  Menkaure (D:6)
  A gnoll shaman (D:5)
  A gnoll (D:5)
  2 jackals (D:7)
5 creatures vanquished.

Vanquished Creatures (others)
  Eustachio (D:6)
  A phantom (D:5)
  A killer bee (D:5)
  A jackal (D:10)
4 creatures vanquished.

Grand Total: 203 creatures vanquished

Notes
Turn   | Place    | Note
-------+----------+-------------------------------------------
     0 | D:1      | Geeful the Naga Enchanter began the quest for the Orb.
     0 | D:1      | Reached XP level 1. HP: 15/15 MP: 3/3
   274 | D:1      | Reached XP level 2. HP: 22/22 MP: 5/5
   293 | D:1      | Learned a level 2 spell: Ensorcelled Hibernation
  1039 | D:2      | Reached XP level 3. HP: 27/28 MP: 6/6
  1081 | D:2      | Found an iron altar of Okawaru.
  1083 | D:2      | Found a shadowy altar of Dithmenos.
  1083 | D:2      | Found a stormy altar of Qazlal.
  1111 | D:2      | Found a snail-covered altar of Cheibriados.
  1229 | D:2      | Reached skill level 5 in Stealth
  1484 | D:2      | Reached XP level 4. HP: 24/36 MP: 7/7
  1825 | D:2      | Found a sparkling altar of Nemelex Xobeh.
  1829 | D:2      | Became a worshipper of Nemelex Xobeh the Trickster
  2021 | D:2      | Received a gift from Nemelex Xobeh
  2077 | D:3      | Found a glowing drain.
  2103 | Sewer    | Entered a sewer
  2187 | Sewer    | Noticed a crocodile
  2194 | Sewer    | Killed a crocodile
  2194 | Sewer    | Reached skill level 6 in Stealth
  2194 | Sewer    | Reached skill level 1 in Invocations
  2194 | Sewer    | Reached XP level 5. HP: 42/42 MP: 8/8
  2904 | D:3      | Reached XP level 6. HP: 41/49 MP: 6/9
  3240 | D:4      | Reached * piety under Nemelex Xobeh
  3300 | D:4      | Reached skill level 7 in Stealth
  3568 | D:4      | Noticed an ice beast
  3630 | D:4      | Killed an ice beast
  3630 | D:4      | Reached XP level 7. HP: 55/55 MP: 10/10
  3858 | D:4      | Noticed Natasha
  3868 | D:4      | Killed Natasha
  3978 | D:4      | Noticed Natasha
  3991 | D:4      | Killed Natasha
  4073 | D:4      | Reached skill level 8 in Stealth
  4118 | D:4      | Noticed Natasha
  4137 | D:4      | Killed Natasha
  4353 | D:5      | Entered Level 5 of the Dungeon
  4513 | D:5      | Received a gift from Nemelex Xobeh
  5138 | D:5      | Reached XP level 8. HP: 62/62 MP: 11/11
  5383 | D:5      | Reached skill level 5 in Short Blades
  5383 | D:5      | Reached skill level 9 in Stealth
  5415 | D:5      | Reached skill level 5 in Invocations
  5937 | D:6      | Noticed a two-headed ogre
  5948 | D:5      | HP: 3/93 [two-headed ogre/+0 giant club (15)]
  5953 | D:5      | Killed a two-headed ogre
  5953 | D:5      | Reached skill level 10 in Stealth
  5953 | D:5      | Reached XP level 9. HP: 10/68 MP: 13/13
  6973 | D:6      | Reached skill level 11 in Stealth
  7289 | D:6      | Received a gift from Nemelex Xobeh
  7368 | D:6      | Noticed Eustachio
  7380 | D:6      | Killed Eustachio
  7792 | D:6      | Reached ** piety under Nemelex Xobeh
  7795 | D:6      | Noticed Menkaure
  8257 | D:6      | Killed Menkaure
  9115 | D:7      | Received a gift from Nemelex Xobeh
  9138 | D:7      | Reached skill level 12 in Stealth
  9492 | D:7      | Found a staircase to the Ecumenical Temple.
  9853 | D:8      | Noticed Psyche
  9870 | D:8      | Reached XP level 10. HP: 36/75 MP: 16/16
 10119 | D:8      | Killed Psyche
 10441 | D:8      | Found a shimmering altar of Xom.
 10443 | D:8      | Found an ornate altar of the Wu Jian Council.
 10444 | D:8      | Found a burning altar of Makhleb.
 10444 | D:8      | Found a glowing silver altar of Zin.
 10444 | D:8      | Found a sacrificial altar of Ru.
 10474 | D:8      | Reached skill level 13 in Stealth
 10583 | D:8      | Reached *** piety under Nemelex Xobeh
 10994 | D:9      | Received a gift from Nemelex Xobeh
 11106 | D:9      | Noticed a four-headed hydra
 11240 | D:9      | Found a staircase to the Orcish Mines.
 11719 | D:10     | Entered Level 10 of the Dungeon
 11966 | D:10     | Received a gift from Nemelex Xobeh
 11994 | D:10     | Noticed a two-headed ogre
 12010 | D:10     | Mangled by a two-headed ogre

Vault maps used:
D:1:      lightli_arrival_lavapool
D:2:      nicolae_overflow_quartered_altars, nemelex_diamond_rough_becter
D:3:      portal_sewer_entry_b
D:4:      first_ration, minmay_misc_feat_four_crosses, minmay_crystal_room,
          chequers_serial_rivers_large_a, nicolae_zen_rock_garden, uniq_natasha
D:6:      uniq_eustachio, uniq_menkaure
D:7:      minmay_temple_entry_enclosed_plants
D:8:      grunt_temple_overflow_open, uniq_psyche
D:9:      kennysheep_big_flooded_room, orc_0_dummy
D:10:     erik_lair_island
Sewer:    sewer_big_baddie

Skill      XL: |  1  2  3  4  5  6  7  8  9 10 |
---------------+-------------------------------+-----
Stealth        | 5 6 7 8 10 12 13 | 13.5
Short Blades   | 2 3 4 6 7 8 |  8.7
Invocations    | 1 2 3 4 6 8 9 |  9.1
Dodging        | |  1.5
Spellcasting   | |  2.6
Hexes          | |  3.5

Action                   |  1- 3 |  4- 6 |  7- 9 | 10-12 || total
-------------------------+-------+-------+-------+-------++-------
Melee: Dagger            |    75 |   111 |   272 |   146 ||   604
 Cast: Ensorcelled Hiber |       |     2 |    19 |       ||    21
       Corona            |       |       |     3 |       ||     3
 Abil: Spit Poison       |     5 |     8 |    15 |       ||    28
Evoke: Deck              |       |       |    15 |     1 ||    16
       Wand              |       |       |     1 |     1 ||     2
  Use: Scroll            |     6 |     4 |     4 |     5 ||    19
       Potion            |       |       |    12 |     1 ||    13
 Stab: Sleeping          |    10 |    17 |    17 |    14 ||    58
       Distracted        |       |       |     4 |     1 ||     5
       Paralysed         |       |       |       |     1 ||     1
  Eat: Chunk             |     1 |     6 |    14 |     6 ||    27
       Ration            |       |       |     1 |       ||     1
Armor: Robe              |    19 |    36 |    25 |       ||    80
       Skin              |       |       |    41 |       ||    41
       Leather armour    |       |       |    53 |    42 ||    95
Dodge: Dodged            |    38 |    55 |   131 |    40 ||   264

Table legend:
 A = Non-vault XP
 B = Vault XP
 C = Vault XP percentage of total XP
 D = Non-vault monster count
 E = Vault monster count
 F = Vault count percentage of total count
                 A         B        C        D         E       F
            +---------+---------+-------+---------+---------+-------
      Total |    5899 |     872 |  12.9 |     188 |      14 |   6.9
            +---------+---------+-------+---------+---------+-------
        D:1 |      32 |       0 |   0.0 |      16 |       0 |   0.0
        D:2 |      61 |       0 |   0.0 |      24 |       0 |   0.0
        D:3 |     134 |       9 |   6.3 |      20 |       4 |  16.7
        D:4 |     507 |      35 |   6.5 |      16 |       1 |   5.9
        D:5 |    1615 |       0 |   0.0 |      23 |       0 |   0.0
        D:6 |     689 |     282 |  29.0 |      15 |       2 |  11.8
        D:7 |     873 |       0 |   0.0 |      21 |       0 |   0.0
        D:8 |     801 |     434 |  35.1 |      18 |       1 |   5.3
        D:9 |     716 |       0 |   0.0 |      26 |       0 |   0.0
       D:10 |     471 |       0 |   0.0 |       9 |       0 |   0.0
      Sewer |       0 |     112 | 100.0 |       0 |       6 | 100.0
            +---------+---------+-------+---------+---------+-------
